 Dungeon Crawl Stone Soup version 0.20.1-1-g8b1a95d (console) character file.

11577 bli the Thaumaturge (level 11, -1/91 HPs)
             Began as a Green Draconian Conjurer on July 8, 2017.
             Was the Champion of Ru.
             Slain by Snorg (8 damage)
             ... on level 12 of the Dungeon.
             The game lasted 01:37:23 (13784 turns).

bli the Thaumaturge (Green Draconian Conjurer)     Turns: 13784, Time: 01:37:23

Health: -1/91      AC: 10    Str: 17    XL:     11   Next: 51%
Magic:  3/26       EV: 16    Int: 16    God:    Ru [******]
Gold:   514        SH:  0    Dex: 15    Spells: 18/32 levels left

rFire    . . .     SeeInvis .   W - +1 war axe (freeze) (curse)
rCold    + . .     Gourm    .   (no shield)
rNeg     . . .     Faith    .   (armour unavailable)
rPois    +         Spirit   .   (helmet restricted)
rElec    .         Reflect  .   (no cloak)
rCorr    .         Harm     .   t - +2 pair of gloves {Str+3}
MR       +....                  (no boots)
Stlth    ..........             v - amulet of magic regeneration
Regen    0.3/turn               L - ring of protection from magic
MPRegen  0.3/turn               B - ring "Xextoli" {+Inv rC+ Str+4}

@: no status effects
A: breathe noxious fumes, unfitting armour, poison resistance, cold-blooded, no
stealth, inability to use devices, hated by all, inexperienced 1, AC +7
a: Breathe Noxious Fumes, Draw Out Power, Power Leap, Apocalypse, Renounce
Religion


You were on level 12 of the Dungeon.
You worshipped Ru.
Ru was exalted by your worship.
You were not hungry.

You visited 4 branches of the dungeon, and saw 15 of its levels.
You visited the Abyss 1 time.

You collected 640 gold pieces.
You spent 126 gold pieces at shops.

Inventory:

Hand Weapons
 a - a +9 flail of protection
 b - a +2 whip of electrocution
 c - a +1 whip of venom
 d - a +2 flail of crushing
 f - a +2 whip of pain
 q - a +2 quarterstaff of protection
 s - a +0 mace of crushing
 W - a cursed +1 war axe of freezing (weapon)
 Y - a cursed +0 flail
Missiles
 E - 343 stones (quivered)
Armour
 t - a +2 pair of gloves of strength (worn)
Magical Staves
 K - an uncursed staff of fire
 Q - an uncursed staff of summoning {unknown}
Jewellery
 g - an uncursed ring of wizardry {unknown}
 u - a +2 ring of intelligence {unknown}
 v - an amulet of magic regeneration (around neck)
 B - the ring "Xextoli" (right hand) {+Inv rC+ Str+4}
   (You took it off a big kobold on level 9 of the Dungeon)

   [ring of protection from cold]

   It affects your strength (+4).
   It protects you from cold.
   It lets you turn invisible.
 G - an uncursed ring of teleportation
 L - a ring of protection from magic (left hand)
Scrolls
 k - a scroll of recharging {unknown}
 m - a scroll of fear {unknown}
 x - a scroll of immolation
 H - a scroll of enchant weapon
 J - 6 scrolls of teleportation
 O - a scroll of identify
 S - a scroll of torment {unknown}
 T - 3 scrolls of fog
 X - a scroll of summoning {unknown}
Potions
 e - a potion of flight {unknown}
 i - 3 potions of mutation {unknown}
 j - 3 potions of invisibility {unknown}
 l - a potion of heal wounds
 n - 2 potions of ambrosia {unknown}
 o - a potion of haste {unknown}
 p - 4 potions of curing
 A - a potion of resistance {unknown}
 C - 2 potions of brilliance {unknown}
 F - a potion of lignification
 P - 2 potions of berserk rage {unknown}
 R - a potion of agility
 V - 2 potions of might
Books
 w - a book of Maledictions

   Spells                             Type                      Level
   a - Corona                         Hexes                        1
   b - Ensorcelled Hibernation        Hexes/Ice                    2
   c - Confuse                        Hexes                        3
   d - Tukima's Dance                 Hexes                        3
   e - Dazzling Spray                 Conjuration/Hexes            3
 y - a book of Flames

   Spells                             Type                      Level
   a - Flame Tongue                   Conjuration/Fire             1
   b - Throw Flame                    Conjuration/Fire             2
   c - Conjure Flame                  Conjuration/Fire             3
   d - Inner Flame                    Hexes/Fire                   3
   e - Sticky Flame                   Conjuration/Fire             4
   f - Fireball                       Conjuration/Fire             5
 N - a book of Conjurations

   Spells                             Type                      Level
   a - Magic Dart                     Conjuration                  1
   b - Searing Ray                    Conjuration                  2
   c - Dazzling Spray                 Conjuration/Hexes            3
   d - Fulminant Prism                Conjuration/Hexes            4
   e - Force Lance                    Conjuration/Translocation    4
   f - Iskenderun's Mystic Blast      Conjuration                  4
Comestibles
 h - 9 chunks of flesh
 r - 7 royal jellies
 z - 2 mutagenic chunks of flesh
 U - a meat ration


   Skills:
 * Level 6.7 Fighting
 + Level 3.6(4.4) Axes
 + Level 3.6(4.4) Maces & Flails
 + Level 6.1 Dodging
 * Level 11.3 Spellcasting
 + Level 10.1 Conjurations
 + Level 2.1 Hexes
 * Level 4.1 Translocations


You had 18 spell levels left.
You knew the following spells:

 Your Spells              Type           Power        Failure   Level  Hunger
a - Magic Dart            Conj           ####         1%          1    None
d - Dazzling Spray        Conj/Hex       ####..       1%          3    None
f - Force Lance           Conj/Tloc      ####....     4%          4    ###....
r - Searing Ray           Conj           #####.       1%          2    None
P - Fulminant Prism       Conj/Hex       ####......   6%          4    ###....


Dungeon Overview and Level Annotations

Branches:
Dungeon (12/15)            Temple (1/1) D:6            Lair (1/6) D:11
    Orc (1/2) D:10

Altars:
Dithmenos
Elyvilon
Fedhas
Makhleb
Nemelex Xobeh
Okawaru
Qazlal
Ru
Sif Muna
Trog
Uskayaw
Yredelemnul
The Shining One

Shops:
D:4 [   D:12 !

Annotations:
D:12 Snorg
Abyss:1 Erolcha


Innate Abilities, Weirdness & Mutations

You can breathe blasts of noxious fumes.
Your lurid green scales are hard. (AC +7)
You cannot fit into any form of body armour.
Your system is resistant to poisons. (rPois)
You are cold-blooded and may be slowed by cold attacks.
You cannot be stealthy.
You cannot study or use magical devices.
You are hated by all.
You are somewhat inexperienced. (-2 XL)


Message History

The searing ray hits Snorg.
Snorg is heavily wounded.
Snorg barely misses you. Snorg claws you.
* * * LOW HITPOINT WARNING * * *
You focus your will and blind Snorg in retribution!
Snorg misses you.
The tengu warrior shoots a bolt.
The bolt hits Snorg!!
Snorg is stunned by your will and fails to attack.
The searing ray hits Snorg.
Snorg is almost dead.
The searing ray hits the tengu warrior.
The tengu warrior is moderately wounded.
You finish channeling your searing ray.
Snorg barely misses you. Snorg completely misses you. Snorg misses you.
The tengu warrior shoots a bolt.
The bolt hits Snorg!!
You feel much better. Snorg bites you!!
* * * LOW HITPOINT WARNING * * *
You focus your will and paralyse Snorg in retribution!
Snorg claws you.
* * * LOW HITPOINT WARNING * * *
Snorg claws you!
You die...

#.# #.# #.######.#
#########........######
........................
........................
...... #.....).......#.
......###..####...))..#.
...........# #.......#.
.........÷.# #.......#.
.........#####.>........
######@##..%###########
#T#..P.%# #.Q.(.♣
###.PQ.%# #P.%## ####


You could see Snorg (berserk) and a tengu warrior (blind).

Vanquished Creatures
  A two-headed ogre (D:11)
  Sonja (D:11)
  An ugly thing (D:12)
  A spiny frog (Lair:1)
  A gargoyle (D:10)
  A troll (D:9)
  A wyvern (D:8)
  A basilisk (D:11)
  6 yaks (D:11)
  Grum (D:11)
  A hungry ghost (D:8)
  A steam dragon (D:10)
  Edmund (D:5)
  A water moccasin (D:9)
  A warg (D:10)
  4 porcupines (D:11)
  4 ice beasts
  3 phantoms
  5 orc warriors
  2 black bears
  5 ogres
  8 necrophages
  4 wolves (D:11)
  6 centaurs
  A crocodile (D:11)
  4 big kobolds
  10 bullfrogs
  2 water moccasin zombies (D:7)
  2 wyvern skeletons
  8 scorpions
  2 water moccasin skeletons
  17 killer bees
  11 wights
  A howler monkey (D:8)
  9 crimson imps
  2 centaur zombies
  A quasit (D:8)
  4 bullfrog zombies
  6 hounds
  A jelly (D:8)
  A bullfrog skeleton (D:7)
  7 orc priests
  8 orc wizards
  A centaur skeleton (D:10)
  An iguana (D:11)
  Ijyb (D:3)
  12 worker ants
  A hound zombie (D:7)
  2 hound skeletons
  4 mummies
  A worker ant zombie (D:4)
  A howler monkey skeleton (D:8)
  16 adders
  5 shadow imps
  2 oozes
  3 worms
  2 dart slugs
  A leopard gecko (D:6)
  66 orcs
  3 ball pythons
  5 giant cockroaches
  6 goblins
  8 hobgoblins
  8 jackals
  20 kobolds
  11 quokkas
  7 bats
  6 frilled lizards
  3 leopard gecko skeletons
  A quokka skeleton (D:9)
  8 rats
363 creatures vanquished.

Vanquished Creatures (others)
  A black mamba (Lair:1)
  2 hippogriffs (D:9)
  A basilisk (D:9)
  An orc warrior (D:9)
  An ogre (D:10)
  A centaur (D:10)
  2 killer bees
  A jelly (D:11)
  An orc priest (D:9)
  An orc wizard (D:9)
  3 orcs (D:9)
  3 fulminant prisms (D:10)
  A fungus (D:11)
  3 plants (D:11)
22 creatures vanquished.

Grand Total: 385 creatures vanquished

Notes
Turn   | Place    | Note
-------+----------+-------------------------------------------
     0 | D:1      | bli the Draconian Conjurer began the quest for the Orb.
     0 | D:1      | Reached XP level 1. HP: 14/14 MP: 3/3
   529 | D:1      | Reached XP level 2. HP: 20/20 MP: 3/5
  1077 | D:2      | Reached XP level 3. HP: 26/26 MP: 1/6
  1081 | D:2      | Learned a level 2 spell: Searing Ray
  1300 | D:2      | Reached skill level 5 in Conjurations
  1651 | D:2      | Found a blossoming altar of Fedhas.
  1756 | D:3      | Reached XP level 4. HP: 33/33 MP: 1/7
  2299 | D:3      | Found a faded altar of an unknown god.
  2299 | D:3      | Found a faded altar of an unknown god.
  2305 | D:3      | Found a shadowy altar of Dithmenos.
  2312 | D:3      | Found a white marble altar of Elyvilon.
  2314 | D:3      | Found an iron altar of Okawaru.
  2338 | D:3      | Became a worshipper of Ru the Awakened
  2344 | D:3      | Gained mutation: You are hated by all. [Ru sacrifice]
  2344 | D:3      | Reached * piety under Ru
  2562 | D:3      | Found a stormy altar of Qazlal.
  2565 | D:3      | Noticed Ijyb
  2717 | D:4      | Reached skill level 3 in Spellcasting
  2764 | D:3      | Paralysed by Ijyb for 4 turns
  2781 | D:3      | Paralysed by Ijyb for 6 turns
  2787 | D:3      | Killed Ijyb
  2787 | D:3      | Reached XP level 5. HP: 25/38 MP: 0/9
  2867 | D:4      | Found Ajoengus's Armour Boutique.
  2974 | D:4      | Noticed a phantom
  3065 | D:4      | Found a deep blue altar of Sif Muna.
  3335 | D:4      | Found a glowing golden altar of the Shining One.
  3441 | D:4      | Killed a phantom
  3441 | D:4      | Reached XP level 6. HP: 39/46 MP: 0/11
  3511 | D:4      | Reached skill level 4 in Spellcasting
  3564 | D:4      | Found a hide-covered altar of Uskayaw.
  3650 | D:5      | Entered Level 5 of the Dungeon
  3718 | D:5      | Your scales start taking on a lurid green colour.
  3718 | D:5      | Reached XP level 7. HP: 42/51 MP: 1/13
  3718 | D:5      | Gained mutation: Your system is resistant to poisons. (rPois) [Green Draconian growth]
  3839 | D:5      | Learned a level 4 spell: Force Lance
  3860 | D:5      | Reached skill level 1 in Fighting
  4025 | D:5      | Found an iron altar of Okawaru.
  4040 | D:5      | Reached skill level 5 in Spellcasting
  4253 | D:5      | Found a basalt altar of Yredelemnul.
  4438 | D:5      | Gained mutation: You cannot study or use magical devices. [Ru sacrifice]
  4438 | D:5      | Reached ** piety under Ru
  4438 | D:5      | Reached *** piety under Ru
  4528 | D:5      | Reached XP level 8. HP: 57/59 MP: 6/16
  4592 | D:6      | Found a burning altar of Makhleb.
  4663 | D:6      | Reached skill level 6 in Spellcasting
  4672 | D:6      | Got a dazzling leather armour
  4929 | D:6      | Reached skill level 1 in Translocations
  5213 | D:7      | Reached skill level 7 in Spellcasting
  5528 | D:7      | Reached XP level 9. HP: 34/67 MP: 13/20
  5857 | D:6      | Reached skill level 8 in Spellcasting
  5963 | D:6      | Found a sacrificial altar of Ru.
  6060 | D:6      | Found a staircase to the Ecumenical Temple.
  6105 | Temple   | Entered the Ecumenical Temple
  6436 | D:5      | Noticed Edmund
  6455 | D:5      | Killed Edmund
  6984 | D:7      | Found a bloodstained altar of Trog.
  7095 | D:8      | Reached skill level 9 in Spellcasting
  7100 | D:8      | Gained mutation: You are somewhat inexperienced. (-2 XL) [Ru sacrifice]
  7100 | D:8      | Reached XP level 8. HP: 58/62 MP: 12/21
  7100 | D:8      | Reached XP level 7. HP: 56/56 MP: 12/19
  7100 | D:8      | Reached **** piety under Ru
  7100 | D:8      | Reached ***** piety under Ru
  7197 | D:8      | Noticed a hungry ghost
  7218 | D:8      | You fall through a shaft!
  7305 | D:9      | Reached XP level 8. HP: 62/62 MP: 12/21
  7316 | D:9      | Found a sparkling altar of Nemelex Xobeh.
  7339 | D:9      | Got a creamy pearl robe
  8814 | D:9      | Reached XP level 9. HP: 61/69 MP: 18/22
  8816 | D:9      | Noticed Erolcha
  8838 | D:9      | Learned a level 3 spell: Dazzling Spray
  8938 | D:9      | Reached skill level 1 in Maces & Flails
  8967 | D:9      | Reached skill level 5 in Dodging
  9000 | D:9      | Banished Erolcha
  9000 | D:9      | Reached skill level 10 in Spellcasting
  9479 | D:9      | Learned a level 4 spell: Fulminant Prism
  9616 | D:9      | Noticed a troll
  9688 | D:9      | Got a translucent wooden ring
  9763 | D:9      | Reached skill level 1 in Hexes
  9913 | D:9      | Gained mutation: You cannot be stealthy. [Ru sacrifice]
  9913 | D:9      | Reached ****** piety under Ru
 10035 | D:10     | Entered Level 10 of the Dungeon
 10258 | D:9      | Killed a troll
 10258 | D:9      | Reached XP level 10. HP: 16/78 MP: 11/24
 10539 | D:10     | Noticed a gargoyle
 11208 | D:10     | Killed a gargoyle
 11463 | D:10     | Reached skill level 5 in Fighting
 11586 | D:10     | Identified the ring "Xextoli" {+Inv rC+ Str+4} (You took it off a big kobold on level 9 of the Dungeon)
 11744 | D:10     | Found a staircase to the Orcish Mines.
 11958 | D:11     | Noticed a two-headed ogre
 11967 | D:11     | Killed a two-headed ogre
 12210 | D:11     | Reached skill level 11 in Spellcasting
 12217 | D:11     | Noticed Sonja
 12225 | D:11     | Cast into level 1 of the Abyss (Sonja)
 12284 | Abyss:1  | Noticed a thrashing horror
 12290 | D:11     | Escaped the Abyss
 12300 | D:11     | Killed Sonja
 12300 | D:11     | Reached XP level 11. HP: 61/87 MP: 8/26
 12430 | D:11     | Reached skill level 1 in Axes
 12612 | D:11     | Found a staircase to the Lair.
 12621 | D:11     | Reached skill level 10 in Conjurations
 12641 | Lair:1   | Entered Level 1 of the Lair of Beasts
 13151 | D:11     | Noticed Grum
 13405 | Orc:1    | Entered Level 1 of the Orcish Mines
 13521 | D:11     | Killed Grum
 13563 | D:11     | Noticed a six-headed hydra
 13623 | D:12     | Found Naucsept's Distillery.
 13643 | D:12     | Bought a potion of heal wounds for 70 gold pieces
 13643 | D:12     | Bought a potion of might for 56 gold pieces
 13750 | D:12     | Noticed a green ugly thing
 13763 | D:12     | Killed a green ugly thing
 13770 | D:12     | Noticed a tengu warrior
 13772 | D:12     | Noticed Snorg
 13784 | D:12     | Slain by Snorg

Skill      XL: |  1  2  3  4  5  6  7  8  9 10 11 |
---------------+----------------------------------+-----
Dodging        | 2 3 4 5 6 |  6.1
Conjurations   | 5 6 9 10 | 10.1
Spellcasting   | 3 4 5 7 10 11 | 11.3
Fighting       | 1 3 4 6 |  6.7
Translocations | 2 3 4 |  4.1
Maces & Flails | 2 3 |  3.6
Hexes          | 1 2 |  2.1
Stealth        | 0 |  0.0
Axes           | 3 |  3.6

Action                   |  1- 3 |  4- 6 |  7- 9 | 10-12 || total
-------------------------+-------+-------+-------+-------++-------
Melee: Unarmed           |    15 |       |       |       ||    15
       Hunting sling     |    82 |    75 |    80 |       ||   237
       Tailslap          |    10 |    10 |    23 |    27 ||    70
       Flail             |       |       |    39 |    85 ||   124
       Whip              |       |       |    62 |       ||    62
       War axe           |       |       |     6 |    77 ||    83
 Fire: Hunting sling     |       |     6 |     1 |       ||     7
 Cast: Magic Dart        |    73 |   140 |   441 |   195 ||   849
       Searing Ray       |     3 |     9 |    76 |    37 ||   125
       Dazzling Spray    |       |       |     5 |    36 ||    41
       Fulminant Prism   |       |       |     1 |     2 ||     3
Invok: Sacrifice Love    |       |     1 |       |       ||     1
       Sacrifice Artific |       |       |     1 |       ||     1
       Sacrifice Experie |       |       |     1 |       ||     1
       Sacrifice Stealth |       |       |     1 |       ||     1
       Power Leap        |       |       |       |     1 ||     1
 Abil: Breathe Noxious F |       |       |     2 |     1 ||     3
  Use: Scroll            |     1 |     2 |     9 |     5 ||    17
       Potion            |       |       |     1 |     1 ||     2
 Stab: Sleeping          |     1 |       |     1 |       ||     2
       Invisible         |       |       |     1 |     4 ||     5
       Paralysed         |       |       |     1 |     1 ||     2
       Distracted        |       |       |       |     1 ||     1
  Eat: Chunk             |     4 |     7 |    18 |    12 ||    41
       Meat ration       |       |       |     1 |       ||     1
       Fruit             |       |       |     1 |       ||     1
Armor: Skin              |    42 |    49 |   109 |    82 ||   282
Dodge: Dodged            |    82 |    97 |   314 |   283 ||   776
